 Dungeon Crawl Stone Soup version 0.29-a0-982-gaed3a0c (webtiles) character file.

Game seed: 16840822997673439126

109 edsrzf the Gusty (level 5, -1/40 HPs)
             Began as a Meteoran Wanderer on July 31, 2022.
             Slain by Sigmund
             ... wielding a +1 scythe of freezing
              (4 damage)
             ... on level 3 of the Dungeon on Aug 1, 2022.
             The game lasted 00:10:23 (1393 turns).

edsrzf the Gusty (Meteoran Wanderer)                Turns: 1393, Time: 00:10:24

Health: -1/40      AC:  3    Str: 13    XL:     5   Next: 36%
Magic:  12/12      EV: 10    Int: 17    God:
Gold:   80         SH:  0    Dex: 12    Spells: 8/12 levels left

rFire   . . .      SeeInvis .   a - +2 dagger (venom)
rCold   . . .      Faith    .   b - +0 buckler
rNeg    . . .      Spirit   .   d - +0 robe
rPois   .          Reflect  .   o - +0 helmet
rElec   .          Harm     .   (no cloak)
rCorr   .          Rampage  .   (no gloves)
Will    .....                   (no boots)
Stlth   +.........              l - amulet of magic regeneration
HPRegen 0.13/turn               (no ring)
MPRegen 0.53/turn               (no ring)

@: confused, glowing
A: sense surroundings 1, otherworldly, glowing, explore regen
a: no special abilities


You were on level 3 of the Dungeon.
You visited 1 branch of the dungeon, and saw 3 of its levels.

You collected 80 gold pieces.

Inventory:

Hand Weapons
 a - a +2 dagger of venom (weapon)
Armour
 b - a +0 buckler (worn)
 d - a +0 robe (worn)
 o - a +0 helmet (worn)
Jewellery
 l - an amulet of magic regeneration (around neck)
Wands
 j - a wand of roots (10)
Scrolls
 c - a scroll of fog
 e - 2 scrolls of teleportation {@r3}
 f - 2 scrolls of amnesia {unknown}
 g - 2 scrolls of enchant weapon {unknown}
 h - 2 scrolls of identify {unknown}
 k - 2 scrolls of magic mapping {unknown}
 n - a scroll of poison {unknown}
 p - a scroll of torment {unknown}
Potions
 i - a potion of degeneration {unknown}
 m - 2 potions of curing {unknown}


   Skills:
 - Level 1.1 Fighting
 - Level 1.4 Stealth
 - Level 1.2 Shields
 - Level 4.0 Spellcasting
 + Level 2.1 Conjurations
 - Level 6.1 Air Magic
 + Level 0.2 Poison Magic


You had 8 spell levels left.
You knew the following spells:

 Your Spells              Type           Power      Damage    Failure   Level
C - Mephitic Cloud        Conj/Pois/Air  12%        N/A       21%         3
X - Shock                 Conj/Air       68%        1d7       3%          1

Your spell library contained the following spells:

 Spells                   Type           Power      Damage    Failure   Level
 Apportation              Tloc           6%         N/A       21%         1
 Necrotise                Necr           12%        1d4       21%         1
 Summon Small Mammal      Summ           12%        N/A       21%         1
 Scorch                   Fire           6%         2d5       30%         2
 Sublimation of Blood     Necr           3%         N/A       30%         2
 Wereblood                Tmut           3%         N/A       30%         2
 Summon Lightning Spire   Summ/Air       13%        N/A       52%         4
 Flame Wave               Conj/Fire      7%         2d5       80%         4
 Summon Cactus Giant      Summ           1%         N/A       100%        6
 Summon Hydra             Summ           1%         N/A       100%        7


Dungeon Overview and Level Annotations

Branches:
Dungeon (3/15) Zot: 390

Altars:

Annotations:
D:3 Sigmund


Innate Abilities, Weirdness & Mutations

You passively map a small area around you.
You are easily found by Zot.
You glow in the dark.
You regain HP and MP as you explore.


Message History

The quokka is heavily wounded.
Casting: Shock (safe; 3% risk of failure)
Confirm with . or Enter, or press ? or * to list all spells.
The zap hits the quokka.
You kill the quokka!
You see here a +0 leather armour.
A goblin comes into view. It is wielding a +0 club.
The goblin shouts!
A goblin is nearby!
Casting: Shock (safe; 3% risk of failure)
Confirm with . or Enter, or press ? or * to list all spells.
The zap misses the goblin.
The zap hits the goblin.
You kill the goblin!
No target in view!
Found a glowing red potion.
Things that are here:
a +0 club; a goblin corpse
m - 2 glowing red potions (gained 1)
Found a book of Cantrips.
A rat comes into view.
A rat is nearby!
Casting: Shock (safe; 3% risk of failure)
Confirm with . or Enter, or press ? or * to list all spells.
The zap hits the rat.
The rat is severely wounded.
You hit the rat.
You kill the rat!
You pick up a book of Cantrips and begin reading...
You add the spells Necrotise, Summon Small Mammal and Apportation to your library.
Sigmund the Dreaded comes into view.
He is wielding a +1 scythe of freezing and carrying a wand of digging (5).
Sigmund shouts!
Sigmund says, "Look into my eyes."
Sigmund points at you and mumbles some strange words.
You are confused.
You bump into the rock wall.
You bump into the rock wall.
You feel less confused.
Sigmund says, "Look into my eyes."
Sigmund zaps a wand.
You hear a grinding noise.
You start waiting.
You hear a zap.
You hear a grinding noise.
Casting: Shock (safe; 3% risk of failure)
Confirm with . or Enter, or press ? or * to list all spells.
The zap hits Sigmund.
Sigmund is lightly wounded.
Casting: Shock (safe; 3% risk of failure)
Confirm with . or Enter, or press ? or * to list all spells.
The zap hits Sigmund.
Sigmund is moderately wounded.
Sigmund screams, "Die, monster!"
Casting: Shock (safe; 3% risk of failure)
Confirm with . or Enter, or press ? or * to list all spells.
The zap hits Sigmund.
Sigmund is heavily wounded.
Sigmund points at you and mumbles some strange words.
The magic dart hits you!
You hear a zap.
Some rock shatters into small pieces.
You start waiting.
Magic restored.
Casting: Shock (safe; 3% risk of failure)
Confirm with . or Enter, or press ? or * to list all spells.
The zap misses Sigmund.
Sigmund zaps a wand.
Some rock shatters into small pieces.
Casting: Shock (safe; 3% risk of failure)
Confirm with . or Enter, or press ? or * to list all spells.
The zap hits Sigmund!
Sigmund is severely wounded.
Casting: Shock (safe; 3% risk of failure)
Confirm with . or Enter, or press ? or * to list all spells.
The zap hits Sigmund but does no damage.
Sigmund is severely wounded.
Casting: Shock (safe; 3% risk of failure)
Confirm with . or Enter, or press ? or * to list all spells.
The zap misses Sigmund.
Sigmund flickers, as though insubstantial.
Sigmund hits you from afar with a +1 scythe of freezing.
Sigmund freezes you.
You hit Sigmund.
Sigmund is severely wounded.
Sigmund closely misses you.
You hit Sigmund.
Sigmund is almost dead.
Sigmund gestures at you while chanting.
You are confused.
Sigmund casts a spell at you. The puff of flame hits you.
You're too confused to move!
Sigmund hits you with a +1 scythe of freezing!
Sigmund freezes you. Sigmund casts a spell at you.
You are more confused.
Sigmund says, "You will soon forget everything."
Sigmund casts a spell at you.
You are more confused.
Sigmund hits you from afar with a +1 scythe of freezing!
* * * LOW HITPOINT WARNING * * *
Sigmund freezes you.
You die...

# ##..###
#.###..# *
#...#..# ,
#.....# *
#....########
#...........
,,,
##...######* **
#..@.#######
#.#..@.....####
,
#..............
###############
* * *


You could see Sigmund.

Vanquished Creatures
  Jessica (D:2)
  Robin (D:2)
  An adder (D:2)
  3 dart slugs (D:2)
  2 endoplasms
  2 giant cockroaches (D:1)
  13 goblins
  8 hobgoblins
  2 jackals (D:2)
  6 kobolds
  2 quokkas
  A ball python (D:1)
  5 bats
  4 rats
51 creatures vanquished.

Notes
Turn   | Place    | Note
-------+----------+-------------------------------------------
     0 | D:1      | edsrzf the Meteoran Wanderer began the quest for the Orb.
     0 | D:1      | edsrzf set off with the following items: a +0 club, a +0
                  | buckler, a scroll of fog, a +0 robe, a scroll of
                  | teleportation {@r3}; and the following spell memorised:
                  | Shock; and the following spells available to memorise:
                  | Mephitic Cloud, Summon Lightning Spire.
     0 | D:1      | Reached XP level 1. HP: 16/16 MP: 5/5
   213 | D:1      | Found a faded altar of an unknown god.
   232 | D:1      | Upgraded the game from 0.29-a0-976-g2d25de7 to
                  | 0.29-a0-982-gaed3a0c
   261 | D:1      | Reached skill level 5 in Air Magic
   261 | D:1      | Reached XP level 2. HP: 21/23 MP: 1/6
   262 | D:1      | Reached skill level 3 in Spellcasting
   497 | D:1      | Glimpsed the power of Zot.
   547 | D:2      | Reached XP level 3. HP: 28/28 MP: 4/8
   559 | D:2      | Noticed Jessica
   568 | D:2      | Killed Jessica
   569 | D:2      | Reached XP level 4. HP: 17/35 MP: 0/10
   626 | D:2      | Reached skill level 4 in Spellcasting
   819 | D:2      | Reached skill level 1 in Conjurations
   864 | D:2      | Learned a level 3 spell: Mephitic Cloud
  1088 | D:2      | Glimpsed the power of Zot.
  1135 | D:2      | Glimpsed the power of Zot.
  1175 | D:2      | Glimpsed the power of Zot.
  1196 | D:2      | Noticed Robin
  1200 | D:2      | Reached XP level 5. HP: 40/40 MP: 9/12
  1201 | D:2      | Killed Robin
  1202 | D:2      | Reached skill level 6 in Air Magic
  1259 | D:3      | Reached skill level 2 in Conjurations
  1359 | D:3      | Noticed Sigmund
  1393 | D:3      | Slain by Sigmund

Illustrated notes

Levels and vault maps discovered:
D:1:      lightli_arrival_statuegarden, layout_basic, basic_ecumenical_altar,
          hex_large, roderic_filled_cross, kennysheep_another_room
D:2:      layout_loops_corners, moated_statue, uniq_jessica, uniq_robin
D:3:      layout_loops_ring, kennysheep_generic_room_16, uniq_sigmund

Skill      XL: |  1  2  3  4  5 |
---------------+----------------+-----
Air Magic      | 5 6 |  6.1
Spellcasting   | 3 4 |  4.0
Conjurations   | 1 2 |  2.1
Fighting       | |  1.1
Stealth        | |  1.4
Shields        | |  1.2
Poison Magic   | |  0.2

Action                   |  1- 3 |  4- 6 || total
-------------------------+-------+-------++-------
Melee: Club              |     8 |    22 ||    30
       Dagger            |       |    14 ||    14
 Cast: Shock             |    30 |    58 ||    88
Armor: Robe              |     9 |    11 ||    20
Dodge: Dodged            |    11 |    28 ||    39
Block: Buckler           |     7 |     3 ||    10

Table legend: (Time is in decaauts)
 A = Elapsed time spent in this place.
 B = Non-inter-level travel time spent in this place.
 C = Inter-level travel time spent in this place.
 D = Time resting spent in this place.
 E = Time spent auto-exploring this place.
 F = Levels seen in this place.
 G = Mean time per level.
                   A        B        C        D        E       F      G
               +--------+--------+--------+--------+--------+-----+--------+
         Total |   1408 |   1359 |     49 |      5 |      0 |   3 |  469.3 |
       Dungeon |   1408 |   1359 |     49 |      5 |      0 |   3 |  469.3 |
               +--------+--------+--------+--------+--------+-----+--------+

Top non-repeatable levels by time:
     D:2: 719 daAuts
     D:1: 543 daAuts
     D:3: 145 daAuts
